 Dungeon Crawl Stone Soup version 0.29.1-1-gd02db6906a (webtiles) character file.

Game seed: 9743093974439256241

4438 juncz the Frost Mage (level 10, -5/74 HPs)
             Began as a Gnoll Ice Elementalist on Sept 29, 2022.
             Was an Initiate of Ashenzari.
             Killed by vampiric draining
             ... invoked by a vampire
              (17 damage)
             ... on level 9 of the Dungeon.
             The game lasted 00:27:42 (11144 turns).

juncz the Frost Mage (Gnoll Ice Elementalist)      Turns: 11144, Time: 00:27:43

Health: -5/74      AC:  8    Str:  8    XL:     10   Next: 36%
Magic:  14/21      EV: 15    Int: 24    God:    Ashenzari [......]
Gold:   49         SH:  0    Dex: 13    Spells: 15/23 levels left

rFire   . . .      SeeInvis .   v - +3 dagger (freeze)
rCold   . . .      Faith    .   (no shield)
rNeg    . . .      Spirit   .   a - +0 robe
rPois   +          Reflect  .   f - +0 helmet
rElec   .          Harm     .   q - +1 cloak {rPois}
rCorr   .          Rampage  .   g - +0 pair of gloves
Will    .....                   J - +0 pair of boots
Stlth   +++.......              (no amulet)
HPRegen 0.22/turn               y - +4 ring of slaying
MPRegen 0.17/turn               l - +6 ring of intelligence

@: no status effects
A: fangs 1, strong nose, distributed training
a: Renounce Religion, Curse Item


You were on level 9 of the Dungeon.
You worshipped Ashenzari.
Ashenzari was noncommittal.
You visited 2 branches of the dungeon, and saw 10 of its levels.
You also visited: Sewer.

You collected 789 gold pieces.
You spent 740 gold pieces at shops.

Inventory:

Hand Weapons
 e - a +0 short sword
 v - a +3 dagger of freezing (weapon)
Missiles
 j - 15 poisoned darts
 p - 84 stones (quivered)
 x - 3 curare-tipped darts
Armour
 a - a +0 robe (worn)
 f - a +0 helmet (worn)
 g - a +0 pair of gloves (worn)
 q - a +1 cloak of poison resistance (worn)
 J - a +0 pair of boots (worn)
Jewellery
 d - a ring of see invisible
 l - a +6 ring of intelligence (right hand)
 t - a ring of willpower
 y - a +4 ring of slaying (left hand)
 C - a ring of protection from cold
 I - a +6 ring of dexterity
 M - a ring of willpower
 N - a ring of flight
Wands
 h - a wand of paralysis (1)
Scrolls
 c - 2 scrolls of fear
 i - 2 scrolls of blinking
 n - 8 scrolls of teleportation
 r - 2 scrolls of magic mapping
 s - 3 scrolls of immolation
 w - 2 scrolls of brand weapon
 B - 2 scrolls of torment
 D - 2 scrolls of vulnerability
 H - a scroll of butterflies
 K - 2 scrolls of amnesia {unknown}
Potions
 b - 2 potions of curing {unknown}
 k - 5 potions of might {unknown}
 m - 2 potions of berserk rage {unknown}
 o - 4 potions of flight {unknown}
 u - 4 potions of degeneration {unknown}
 z - 3 potions of brilliance {unknown}
 A - 4 potions of heal wounds {unknown}
 E - a potion of ambrosia {unknown}
 F - a potion of cancellation {unknown}
 G - a potion of attraction {unknown}
 L - a potion of invisibility
 O - a potion of haste {unknown}
 P - a potion of experience {unknown}


   Skills:
 + Level 5.4 Fighting
 + Level 5.4 Short Blades
 + Level 5.4 Long Blades
 + Level 5.4 Axes
 + Level 5.4 Maces & Flails
 + Level 5.4 Polearms
 + Level 5.4 Staves
 + Level 5.4 Ranged Weapons
 + Level 5.4 Throwing
 + Level 5.4 Armour
 + Level 7.2 Dodging
 + Level 6.9 Stealth
 + Level 5.4 Shields
 + Level 5.4 Unarmed Combat
 + Level 7.4 Spellcasting
 + Level 4.4 Conjurations
 + Level 4.4 Hexes
 + Level 4.4 Summonings
 + Level 4.4 Necromancy
 + Level 4.4 Translocations
 + Level 4.4 Transmutations
 + Level 4.4 Fire Magic
 + Level 8.5 Ice Magic
 + Level 4.4 Air Magic
 + Level 4.4 Earth Magic
 + Level 4.4 Poison Magic
 + Level 5.9 Invocations
 + Level 5.4 Evocations


You had 15 spell levels left.
You knew the following spells:

 Your Spells              Type           Power      Damage    Failure   Level
a - Freeze                Ice            100%       1d11      1%          1
b - Frozen Ramparts       Ice            98%        1d15      1%          3
c - Ozocubu's Armour      Ice            49%        N/A       1%          3
d - Foxfire               Conj/Fire      100%       2x1d9     1%          1

Your spell library contained the following spells:

 Spells                   Type           Power      Damage    Failure   Level
 Poisonous Vapours        Pois/Air       60%        N/A       1%          2
 Ignite Poison            Fire/Tmut/Pois 30%        N/A       3%          3
 Inner Flame              Hex/Fire       30%        N/A       3%          3
 Mephitic Cloud           Conj/Pois/Air  30%        N/A       3%          3
 Hailstorm                Conj/Ice       40%        3d10      4%          4
 Corpse Rot               Necr/Pois/Air  30%        N/A       11%         4
 Sticky Flame             Conj/Fire      30%        2d5       11%         4
 Fireball                 Conj/Fire      15%        3d8       30%         5
 Fire Storm               Conj/Fire      15%        8d4       100%        9


Dungeon Overview and Level Annotations

Branches:
Dungeon (9/15)             Temple (1/1) D:7           Sewer (visited)
   Lair: D:8-11         Orc: D:9-12

Altars:
Ashenzari
Cheibriados
Dithmenos
Elyvilon
Fedhas
Gozag
Hepliaklqana
Kikubaaqudgha
Makhleb
Okawaru
Qazlal
Ru
Sif Muna
Trog
Uskayaw
Vehumet
Wu Jian
Xom
Yredelemnul
The Shining One

Shops:
D:4 *   D:5 :   D:9 [

Annotations:
D:9 1 runed translucent door, 2 transporters, tardwrangler69's ghost, novice MiCK


Innate Abilities, Weirdness & Mutations

You have very sharp teeth.
Your uncanny sense of smell can sniff out nearby items.
Your experience applies equally to all skills.


Message History

The vampire hits you with a +0 broad axe!
The vampire barely misses your foxfire. The vampire misses you.
You hit the vampire but do no damage. You bite the vampire, but do no damage.
The vampire is heavily damaged.
The foxfire hits the vampire!
The vampire is severely damaged.
The foxfire hits the vampire but does no damage.
The vampire is severely damaged.
Casting: Foxfire (safe; 1% risk of failure)
Confirm with . or Enter, or press ? or * to list all spells.
You conjure some foxfire!
The vampire barely misses you.
The vampire hits your foxfire with a +0 broad axe! x2
The vampire misses you.
You barely miss the vampire.
The vampire is severely damaged.
The foxfire hits the vampire!
The vampire is almost destroyed.
The foxfire hits the vampire.
The vampire is almost destroyed.
The vampire draws life force from you!
* * * LOW HITPOINT WARNING * * *
The vampire is healed by the life force!
Casting: Foxfire (safe; 1% risk of failure)
Confirm with . or Enter, or press ? or * to list all spells.
You conjure some foxfire!
The vampire points at you and mumbles some strange words.
You resist with some effort.
You hit the vampire but do no damage.
The vampire is severely damaged.
The foxfire hits the vampire.
The vampire is almost destroyed.
The foxfire hits the vampire but does no damage.
The vampire is almost destroyed.
The vampire hits you with a +0 broad axe!
* * * LOW HITPOINT WARNING * * *
The vampire completely misses you.
Casting: Foxfire (safe; 1% risk of failure)
Confirm with . or Enter, or press ? or * to list all spells.
You conjure some foxfire!
The vampire draws life force from you!
You die...

.## ..# #.#.#
#.#.####
#.#....#
#.#....#
#.#....###
#.v.......
##@V.......
#.v...####
#.###.# ©. .©
#.# .#
.##...##..#
#.#
#!#..#.#..#.#
#.#
#.#..#(#..#.#
#.#
#..##...##..#
#.#
##O.O.$[O....#
#.#
##############


You could see a vampire (ally target).

Vanquished Creatures
  A deep elf pyromancer (D:8)
  The ghost of Golfball the Trooper, an amateur MiFi (D:4)
  Sigmund (D:3)
  A shadow (D:9)
  3 yaks (D:8)
  A wyvern (D:8)
  An acid dragon (D:6)
  Edmund (D:4)
  2 water moccasins
  A black bear (D:7)
  An ice beast (D:7)
  An orc warrior (D:7)
  An ogre (D:5)
  2 centaurs
  A phantom (D:5)
  A kobold brigand (D:6)
  2 bullfrogs (D:7)
  A necrophage (D:7)
  A scorpion (D:6)
  5 wights (D:8)
  9 killer bees
  A howler monkey (D:7)
  2 jellies (D:4)
  4 hounds
  2 orc priests (D:7)
  2 iguanas
  3 gnoll boudas
  Terence (D:2)
  A mummy (D:6)
  19 gnolls
  2 river rats (Sewer)
  8 adders
  3 shadow imps
  2 white imps
  2 worms
  2 dart slugs (D:2)
  2 orcs
  5 bats
  6 endoplasms
  7 giant cockroaches
  5 goblins
  11 hobgoblins
  12 jackals
  5 quokkas
  15 ball pythons
  5 frilled lizards
  2 hobgoblin zombies (D:6)
  14 kobolds
  A kobold zombie (D:6)
  An orc zombie (D:6)
  7 rats
190 creatures vanquished.

Vanquished Creatures (others)
  A wizard (D:4)
  68 foxfires
  12 plants
81 creatures vanquished.

Grand Total: 271 creatures vanquished

Notes
Turn   | Place    | Note
-------+----------+-------------------------------------------
     0 | D:1      | juncz the Gnoll Ice Elementalist began the quest for the
                  | Orb.
     0 | D:1      | Reached XP level 1. HP: 13/13 MP: 6/6
   141 | D:1      | You fall into a shaft and drop 1 floor!
   200 | D:2      | Reached XP level 2. HP: 20/20 MP: 4/7
   702 | D:1      | Reached skill level 5 in Spellcasting
   702 | D:1      | Reached XP level 3. HP: 23/25 MP: 5/9
   710 | D:1      | Learned a level 3 spell: Frozen Ramparts
   714 | D:1      | Learned a level 3 spell: Ozocubu's Armour
  1357 | D:2      | Found a faded altar of an unknown god.
  1592 | D:2      | Reached skill level 1 in Invocations
  1648 | D:2      | Got the Encyclopedia of the Overcast Blaze
  1697 | D:2      | Noticed Terence
  1706 | D:2      | Killed Terence
  1707 | D:2      | Reached skill level 1 in Fighting
  1707 | D:2      | Reached skill level 1 in Short Blades
  1707 | D:2      | Reached skill level 1 in Long Blades
  1707 | D:2      | Reached skill level 1 in Axes
  1707 | D:2      | Reached skill level 1 in Maces & Flails
  1707 | D:2      | Reached skill level 1 in Polearms
  1707 | D:2      | Reached skill level 1 in Staves
  1707 | D:2      | Reached skill level 1 in Ranged Weapons
  1707 | D:2      | Reached skill level 1 in Throwing
  1707 | D:2      | Reached skill level 1 in Armour
  1707 | D:2      | Reached skill level 1 in Shields
  1707 | D:2      | Reached skill level 1 in Unarmed Combat
  1707 | D:2      | Reached skill level 1 in Evocations
  1707 | D:2      | Reached XP level 4. HP: 23/32 MP: 6/11
  2269 | D:3      | Reached skill level 1 in Conjurations
  2269 | D:3      | Reached skill level 1 in Hexes
  2269 | D:3      | Reached skill level 1 in Summonings
  2269 | D:3      | Reached skill level 1 in Necromancy
  2269 | D:3      | Reached skill level 1 in Translocations
  2269 | D:3      | Reached skill level 1 in Transmutations
  2269 | D:3      | Reached skill level 1 in Fire Magic
  2269 | D:3      | Reached skill level 1 in Air Magic
  2269 | D:3      | Reached skill level 1 in Earth Magic
  2269 | D:3      | Reached skill level 1 in Poison Magic
  2276 | D:3      | Noticed Sigmund
  2288 | D:3      | Killed Sigmund
  2289 | D:3      | Reached XP level 5. HP: 36/38 MP: 1/12
  2289 | D:3      | Reached XP level 6. HP: 41/44 MP: 1/14
  2423 | D:3      | Found an iron altar of Okawaru.
  2866 | D:4      | Identified a scroll of acquirement
  2870 | D:4      | Acquired 337 gold pieces
  2886 | D:4      | Found Xiol's Fire Supplies.
  2919 | D:4      | Noticed a water moccasin
  2931 | D:4      | Found a glowing drain.
  2934 | D:4      | Reached skill level 5 in Dodging
  2956 | Sewer    | Entered a sewer
  4022 | D:4      | Noticed Edmund
  4042 | D:4      | Killed Edmund
  4043 | D:4      | Reached XP level 7. HP: 41/51 MP: 0/15
  4344 | D:4      | Found a radiant altar of Vehumet.
  4366 | D:4      | Reached skill level 5 in Stealth
  4592 | D:4      | Bought Xiucwuck's Codex of Combustion for 460 gold pieces
  4594 | D:4      | Learned a level 1 spell: Foxfire
  4612 | D:4      | Found a bloodstained altar of Trog.
  4617 | D:4      | Noticed a wizard
  4623 | D:4      | Killed a wizard
  5038 | D:4      | Found a runed translucent door.
  5038 | D:4      | Noticed Golfball's ghost (amateur MiFi)
  5230 | D:4      | Killed Golfball's ghost
  5231 | D:4      | Reached XP level 8. HP: 21/58 MP: 1/17
  5867 | D:5      | Entered Level 5 of the Dungeon
  6381 | D:5      | Found Biatas's Book Shoppe.
  7381 | D:6      | Reached XP level 9. HP: 62/65 MP: 11/18
  8026 | D:7      | Reached skill level 8 in Ice Magic
  8261 | D:7      | Found a staircase to the Ecumenical Temple.
  8269 | Temple   | Entered the Ecumenical Temple
  8269 | Temple   | Found a transporter.
  8269 | Temple   | Found a transporter.
  8271 | Temple   | Found a transporter.
  8271 | Temple   | Found a transporter.
  8283 | Temple   | Became a worshipper of Ashenzari the Shackled
  8547 | D:7      | Reached skill level 5 in Invocations
  9047 | D:8      | Noticed a deep elf pyromancer
  9059 | D:8      | Killed a deep elf pyromancer
  9204 | D:8      | Reached skill level 5 in Fighting
  9204 | D:8      | Reached skill level 5 in Short Blades
  9204 | D:8      | Reached skill level 5 in Long Blades
  9204 | D:8      | Reached skill level 5 in Axes
  9204 | D:8      | Reached skill level 5 in Maces & Flails
  9204 | D:8      | Reached skill level 5 in Polearms
  9204 | D:8      | Reached skill level 5 in Staves
  9204 | D:8      | Reached skill level 5 in Ranged Weapons
  9204 | D:8      | Reached skill level 5 in Throwing
  9204 | D:8      | Reached skill level 5 in Armour
  9204 | D:8      | Reached skill level 5 in Shields
  9204 | D:8      | Reached skill level 5 in Unarmed Combat
  9204 | D:8      | Reached skill level 5 in Evocations
  9204 | D:8      | Reached XP level 10. HP: 74/74 MP: 12/20
  9487 | D:4      | Bought the Incunable of the Arsonist for 280 gold pieces
 10738 | D:8      | Found a shimmering blue altar of Sif Muna.
 10988 | D:9      | Found a runed translucent door.
 10989 | D:9      | Found a burning altar of Makhleb.
 10989 | D:9      | Noticed a sixfirhy
 11011 | D:9      | Found Zumyuf's Armour Shop.
 11093 | D:9      | Noticed a two-headed ogre
 11094 | D:9      | Noticed a two-headed ogre
 11094 | D:9      | Noticed tardwrangler69's ghost (novice MiCK)
 11096 | D:9      | Found a transporter.
 11096 | D:9      | Found a transporter.
 11096 | D:9      | Noticed a two-headed ogre
 11097 | D:9      | Identified the +8 dire flail of Untimely Demise {vorpal,
                  | Dex+3}
 11097 | D:9      | Noticed a two-headed ogre
 11144 | D:9      | Killed from afar by a vampire

Illustrated notes

Levels and vault maps discovered:
D:1:      dreamdust_arrival_sigmund_warning, layout_basic, minmay_unequal
D:2:      layout_rooms, nicolae_ecumenical_oubliette, uniq_terence
D:3:      cheibrodos_old_hovel, layout_loops_ring, overflow_temple_1_default,
          uniq_sigmund
D:4:      layout_basic, trog_wizard, mainiacjoe_overflow_alcove_2,
          ebering_ghost_inner_flame, portal_sewer_entry_f, grunt_ministairs_2,
          nicolae_shop_fire_sale [nicolae_sub_dead_trees],
          minmay_misc_feat_roman, nicolae_grassy_gnolls, uniq_edmund
D:5:      layout_basic, serial_shops, kennysheep_little_box
D:6:      layout_layer_cave, eino_small_chamber_without_monster,
          minmay_mini_ossuary
D:7:      layout_basic, minmay_temple_entry_purple_smoke
D:8:      layout_gridville, nicolae_sif_muna_little_library, minmay_microvault
D:9:      layout_loops_ring, nemelex_diamond_rough_becter,
          nzn_makhleb_speed_demon, lemuel_crystal_altar, lair_entry_dummy,
          serial_shops, nicolae_shop_hallway_plus, gammafunk_ghost_smash,
          nicolae_shop_gadgets
Temple:   hellmonk_temple_divided_pantheon

Skill      XL: |  1  2  3  4  5  6  7  8  9 10 |
---------------+-------------------------------+-----
Spellcasting   | 5 6 7 |  7.4
Invocations    | 1 2 3 4 5 |  5.9
Fighting       | 1 2 3 5 |  5.4
Short Blades   | 1 2 3 5 |  5.4
Long Blades    | 1 2 3 5 |  5.4
Axes           | 1 2 3 5 |  5.4
Maces & Flails | 1 2 3 5 |  5.4
Polearms       | 1 2 3 5 |  5.4
Staves         | 1 2 3 5 |  5.4
Ranged Weapons | 1 2 3 5 |  5.4
Throwing       | 1 2 3 5 |  5.4
Armour         | 1 2 3 5 |  5.4
Shields        | 1 2 3 5 |  5.4
Unarmed Combat | 1 2 3 5 |  5.4
Evocations     | 1 2 3 5 |  5.4
Conjurations   | 1 2 3 4 |  4.4
Hexes          | 1 2 3 4 |  4.4
Summonings     | 1 2 3 4 |  4.4
Necromancy     | 1 2 3 4 |  4.4
Translocations | 1 2 3 4 |  4.4
Transmutations | 1 2 3 4 |  4.4
Fire Magic     | 1 2 3 4 |  4.4
Air Magic      | 1 2 3 4 |  4.4
Earth Magic    | 1 2 3 4 |  4.4
Poison Magic   | 1 2 3 4 |  4.4
Dodging        | 5 6 7 |  7.2
Stealth        | 5 6 |  6.9
Ice Magic      | 8 |  8.5

Action                   |  1- 3 |  4- 6 |  7- 9 | 10-12 || total
-------------------------+-------+-------+-------+-------++-------
Melee: Short sword       |     7 |     1 |       |       ||     8
       Bite              |     1 |     4 |     5 |     3 ||    13
       Dagger            |       |    47 |    47 |    24 ||   118
       Punch             |       |       |       |     4 ||     4
Throw: Stone             |       |     1 |     4 |     1 ||     6
 Cast: Freeze            |    39 |    69 |   101 |    10 ||   219
       Frozen Ramparts   |     1 |     7 |    24 |     2 ||    34
       Ozocubu's Armour  |       |     2 |     8 |       ||    10
       Foxfire           |       |       |     8 |    30 ||    38
  Use: Scroll            |       |     7 |     6 |       ||    13
       Potion            |       |       |     1 |       ||     1
 Stab: Sleeping          |     1 |     8 |     8 |     1 ||    18
       Distracted        |       |       |     1 |       ||     1
Armor: Robe              |     6 |    24 |    38 |     4 ||    72
Dodge: Dodged            |    25 |    44 |    86 |    22 ||   177
